 Dungeon Crawl Stone Soup version 0.30-a0-1043-g60ff8d5f49 (webtiles) character file.

Game seed: 8360253214327377390

51 scionoferis the Trooper (level 3, -4/20 HPs)
             Began as a Vine Stalker Fighter on Apr 10, 2023.
             Slain by a cerulean imp
             ... wielding a +2 spear
             ... summoned by Natasha
              (5 damage)
             ... on level 2 of the Dungeon.
             The game lasted 00:01:46 (976 turns).

scionoferis the Trooper (Vine Stalker Fighter)       Turns: 976, Time: 00:01:47

Health: -4/20      AC:  6    Str: 18    XL:     3   Next: 83%
Magic:  0/4        EV:  9    Int:  8    God:
Gold:   26         SH:  5    Dex: 15    Spells: 2/2 levels left

rFire   . . .      SeeInvis .    a - +0 rapier
rCold   . . .      Faith    .    c - +0 buckler
rNeg    . . .      Spirit   +    b - +0 scale mail
rPois   .          Reflect  .    (no helmet)
rElec   .          Rampage  .    (no cloak)
rCorr   .                        (no gloves)
Will    .....                    (no boots) Stlth
                                 (no amulet)
HPRegen 0.23/turn                (no ring)
MPRegen 0.09/turn                (no ring)

@: no status effects
A: fangs 2, magic shield, antimagic bite, no potion heal 2
a: no special abilities


You were on level 2 of the Dungeon.
You visited 1 branch of the dungeon, and saw 2 of its levels.

You collected 26 gold pieces.


Innate Abilities, Weirdness & Mutations

You have extremely sharp teeth.
When hurt, damage is shared between your health and your magic reserves.
Your bite disrupts and absorbs the magic of your enemies.
Potions cannot restore your health.


   Skills:
 + Level 3.2 Fighting
 - Level 1.7(2.4) Short Blades
 * Level 2.3(2.7) Long Blades
 - Level 2.4 Armour
 - Level 2.6 Shields


You had 2 spell levels left.
You didn't know any spells.
Your spell library was empty.

Inventory:

Hand Weapons
 a - a +0 rapier (weapon)
 g - a +0 sling
   (You found it on level 1 of the Dungeon)
Armour
 b - a +0 scale mail (worn)
 c - a +0 buckler (worn)
Scrolls
 e - a scroll of identify {unknown}
 h - a scroll of teleportation {unknown}
Potions
 d - a potion of might
 f - a potion of heal wounds {unknown}
 i - a potion of degeneration {unknown}

Dungeon Overview and Level Annotations

Branches:
Dungeon (2/15)

Altars:

Annotations:
D:2 Natasha

#### ## #.. . ##.# .
###.[## .#
#.h@†.#####.##.
.....≈55≈≈.........
#...≈.~S~.≈.#.####
...≈.§~.~..≈..#
#.≈~~§~.~~~~≈.##
.§§§~.~≈~.~..≈.# .#
.≈§..~≈_≈~...≈.###.#
#.#
§≈...~≈.≈~...§.....#
#.#
..~.≈.~...≈†#####
#.#


You could see Natasha (magic disrupted), 2 cerulean imps and a ball python.


Message History

Welcome, scionoferis the Vine Stalker Fighter.
Will you prevail where others failed? Will you find the Orb of Zot?
Press ? for a list of commands and other information.
Found 14 gold pieces.
Found a staircase leading out of the dungeon.
You now have 14 gold pieces.
A quokka comes into view.
You completely miss the quokka. The quokka completely misses you.
You barely miss the quokka.
The quokka bites you but does no damage.
You hit the quokka. Your bite misses the quokka.
The quokka is moderately wounded.
The quokka bites you. x2
You completely miss the quokka. You bite the quokka, but do no damage.
The quokka is moderately wounded.
The quokka bites you but does no damage.
You miss the quokka. Your bite misses the quokka.
The quokka is moderately wounded.
The quokka bites you. The quokka closely misses you.
You miss the quokka.
The quokka is lightly wounded.
The quokka bites you.
You hit the quokka.
The quokka is almost dead.
The quokka bites you.
You are too injured to fight recklessly!
You are too injured to fight recklessly!
You miss the quokka. Your bite misses the quokka.
The quokka is almost dead.
The quokka barely misses you. The quokka bites you.
* * * LOW HITPOINT WARNING * * *
You miss the quokka. You bite the quokka.
You kill the quokka!
Magic restored.
HP restored.
A kobold comes into view. It is wielding a +0 dagger.
The kobold shouts!
The kobold throws a stone.
The stone hits you.
The kobold throws a stone.
You block the stone.
The kobold throws a stone.
The stone barely misses you.
You barely miss the kobold. The kobold barely misses you.
You hit the kobold but do no damage. You bite the kobold, but do no damage.
The kobold hits you but does no damage.
You closely miss the kobold. Your bite misses the kobold.
The kobold hits you with a +0 dagger.
You hit the kobold but do no damage. The kobold barely misses you.
The kobold closely misses you.
You completely miss the kobold. The kobold hits you with a +0 dagger.
You hit the kobold but do no damage. The kobold hits you with a +0 dagger.
You completely miss the kobold. The kobold hits you with a +0 dagger.
You hit the kobold.
You kill the kobold!
Things that are here:
a +0 dagger; 3 stones; a kobold corpse
Found a stone staircase leading down.
e - a scroll labelled EMIUNU DUUDI A bat comes into view.
You closely miss the bat. You bite the bat, but do no damage.
You block the bat's attack. The bat hits you but does no damage.
You puncture the bat!
You kill the bat!
No target in view!
You see here a bat corpse.
A hobgoblin comes into view.
The hobgoblin shouts!
You block the hobgoblin's attack.
You hit the hobgoblin.
You kill the hobgoblin!
No target in view!
You now have 26 gold pieces (gained 12).
f - a bubbling purple potion
Found a sling.
No target in view!
You see here a +0 sling.
g - a +0 sling A giant cockroach comes into view.
The giant cockroach barely misses you. You block the giant cockroach's attack.
You hit the giant cockroach. Your bite misses the giant cockroach.
The giant cockroach is heavily wounded.
The giant cockroach bites you but does no damage.
You barely miss the giant cockroach. Your bite misses the giant cockroach.
The giant cockroach is heavily wounded.
The giant cockroach bites you but does no damage.
You hit the giant cockroach.
You kill the giant cockroach!
No target in view!
A frilled lizard comes into view.
Found a robe.
The frilled lizard bites you but does no damage.
You hit the frilled lizard but do no damage.
The frilled lizard completely misses you.
You barely miss the frilled lizard. You bite the frilled lizard.
You kill the frilled lizard!
Your Long Blades skill increases to level 1!
No target in view!
A rat comes into view.
You closely miss the rat. You bite the rat. You drain its power.
The rat is severely wounded.
The rat bites you but does no damage.
You closely miss the rat. Your bite misses the rat.
The rat is severely wounded.
The rat bites you.
You hit the rat.
You kill the rat!
You have reached level 2!
You see here a rat corpse.
An endoplasm comes into view.
The endoplasm quivers.
The endoplasm freezes you.
You are frozen.
You hit the endoplasm but do no damage.
The endoplasm hits you but does no damage.
You hit the endoplasm but do no damage. The endoplasm barely misses you.
You hit the endoplasm.
You kill the endoplasm!
No target in view!
A giant cockroach comes into view.
The giant cockroach barely misses you.
You hit the giant cockroach but do no damage.
The giant cockroach bites you but does no damage.
You block the giant cockroach's attack.
You hit the giant cockroach.
You kill the giant cockroach!
No target in view!
Found a spear.
You see here a +0 spear.
You see here a giant cockroach corpse.
Found a stone staircase leading down.
There is a stone staircase leading down here.
A bat comes into view.
A bat is nearby!
You closely miss the bat. You bite the bat.
You kill the bat!
No target in view!
No target in view!
A goblin comes into view. It is wielding a +0 club.
Found a scroll labelled MUNETI NUOCI.
The goblin shouts!
You hit the goblin.
You kill the goblin!
No target in view!
Things that are here:
a +0 club; a goblin corpse
h - a scroll labelled MUNETI NUOCI A bat comes into view.
The bat barely misses you. The bat hits you but does no damage.
The bat closely misses you.
You barely miss the bat. The bat barely misses you.
No target in view!
A bat and a rat come into view.
You block the bat's attack. The bat misses you. The bat closely misses you.
You closely miss the bat. You bite the bat, but do no damage.
The bat closely misses you. The bat barely misses you. x2
You hit the bat. Your bite misses the bat.
The bat is severely wounded.
The bat hits you but does no damage. x2
You hit the bat.
You kill the bat!
You hit the rat.
You kill the rat!
No target in view!
You see here a bat corpse.
You see here an orb of wrath.
A hobgoblin comes into view.
The hobgoblin shouts!
The hobgoblin hits you but does no damage.
You hit the hobgoblin. Your bite misses the hobgoblin.
The hobgoblin is moderately wounded.
The hobgoblin hits you. The hobgoblin barely misses you.
You hit the hobgoblin.
The hobgoblin is severely wounded.
The hobgoblin hits you.
You hit the hobgoblin but do no damage.
You bite the hobgoblin, but do no damage.
The hobgoblin is severely wounded.
The hobgoblin hits you.
You completely miss the hobgoblin. Your bite misses the hobgoblin.
The hobgoblin is severely wounded.
The hobgoblin barely misses you.
You hit the hobgoblin.
You kill the hobgoblin!
Your Fighting skill increases to level 3!
No target in view!
A bat comes into view.
A bat is nearby!
The bat closely misses you. You block the bat's attack.
You hit the bat.
You kill the bat!
No target in view! 2 jackals come into view.
The jackal barely misses you. The jackal bites you.
You hit the jackal.
The jackal is almost dead.
The jackal barely misses you.
You hit the jackal but do no damage. Your bite misses the jackal.
The jackal is almost dead.
The jackal closely misses you.
The jackal bites you but does no damage.
You hit the jackal.
You kill the jackal!
You barely miss the jackal. You block the jackal's attack.
The jackal closely misses you.
You closely miss the jackal. You bite the jackal. You drain its power.
You feel invigorated.
The jackal is heavily wounded.
The jackal closely misses you.
The jackal bites you but does no damage.
You hit the jackal but do no damage. You bite the jackal.
You kill the jackal!
You see here a jackal corpse.
i - an emerald potion
Found a stone staircase leading down.
An endoplasm comes into view.
The endoplasm quivers.
There is a stone staircase leading down here.
The endoplasm closely misses you.
You hit the endoplasm.
The endoplasm is almost dead.
The endoplasm freezes you.
You are frozen.
The endoplasm freezes you.
You are frozen.
You hit the endoplasm.
You kill the endoplasm!
No target in view!
A kobold and a goblin come into view.
The kobold shouts!
The kobold throws a stone.
The stone hits you but does no damage.
You puncture the goblin!
You kill the goblin!
The kobold throws a stone.
The stone closely misses you.
Things that are here:
a +0 dagger; a goblin corpse You barely miss the kobold.
The kobold hits you with a +0 whip.
You hit the kobold.
You kill the kobold!
You have reached level 3!
Your experience leads to an increase in your attributes!
Increase (S)trength, (I)ntelligence, or (D)exterity?
You feel agile. x2
Things that are here:
a +0 whip; 4 stones; a kobold corpse
Found a mace.
Found a robe.
Things that are here:
a +0 dagger; 3 stones A frilled lizard comes into view.
The frilled lizard hisses angrily.
The frilled lizard bites you but does no damage.
You miss the frilled lizard. The frilled lizard barely misses you.
You hit the frilled lizard.
You kill the frilled lizard!
No target in view!
Done exploring.
There is a stone staircase leading down here.
You climb downwards.
The kobold shouts!
Found 8 stones.
There is a stone staircase leading up here.
The kobold completely misses you.
You hit the kobold.
You kill the kobold!
No target in view!
You see here 8 stones.
You see here 8 stones.
Things that are here:
a +0 dagger; 4 stones; a kobold corpse
Found a faded altar of an unknown god.
Natasha, Servant of Life and Death comes into view.
Natasha hisses angrily.
You hit Natasha. You bite Natasha.
Natasha's magic leaks into the air.
You drain her magic.
Natasha is moderately wounded.
Natasha claws you. Natasha closely misses you.
You hit Natasha but do no damage. You bite Natasha, but do no damage.
Natasha is moderately wounded.
Natasha claws you.
You hit Natasha. You bite Natasha.
Natasha's magic leaks into the air.
You drain her magic.
You feel invigorated.
Natasha is heavily wounded.
Natasha casts a spell at you. The magic dart hits you.
You barely miss Natasha.
Natasha is heavily wounded.
You block Natasha's attack.
You hit Natasha but do no damage. Your bite misses Natasha.
Natasha is heavily wounded.
Natasha claws you.
You hit Natasha.
Natasha is severely wounded.
You block Natasha's attack.
You barely miss Natasha.
Natasha is severely wounded.
Natasha barely misses you.
You closely miss Natasha.
Natasha is severely wounded.
Natasha claws you.
You hit Natasha.
You kill Natasha!
Natasha screams in fury as she dies!
Your Long Blades skill increases to level 2!
You see here the felid corpse of Natasha.
Magic restored.
HP restored.
Found a helmet.
A worm comes into view.
Natasha, Servant of Life and Death comes into view.
Natasha hisses angrily.
You hit the worm. You bite the worm, but do no damage.
The worm is moderately wounded.
You hear an angry hiss.
Natasha casts a spell.
You hit the worm but do no damage.
The worm is moderately wounded.
Natasha drinks a potion.
Natasha's spells are empowered!
The worm closely misses you.
You hit the worm but do no damage.
The worm is lightly wounded.
Natasha casts a spell.
The worm bites you but does no damage.
You puncture the worm!
The worm is heavily wounded.
The worm bites you.
You barely miss the worm. Your bite misses the worm.
The worm is heavily wounded.
The cerulean imp hits you from afar with a +0 spear.
A ball python comes into view.
You hit the worm. You bite the worm.
You kill the worm!
The cerulean imp misses you.
Natasha casts a spell.
The cerulean imp hits you with a +0 spear.
Natasha stares at you and mumbles some strange words.
The magic dart hits you.
The cerulean imp hits you from afar with a +2 spear.
You see here a worm corpse.
The cerulean imp hits you with a +0 spear.
* * * LOW HITPOINT WARNING * * *
Natasha growls.
Natasha barely misses you. The cerulean imp closely misses you.
You barely miss Natasha. You bite Natasha.
Natasha's magic leaks into the air.
You drain her magic.
You feel invigorated.
Natasha is lightly wounded.
You block the cerulean imp's attack.
Natasha extends her claws.
Natasha claws you.
* * * LOW HITPOINT WARNING * * *
The cerulean imp hits you but does no damage. x2
You hit Natasha. You bite Natasha.
Natasha's magic leaks into the air.
You drain her magic.
You feel invigorated.
Natasha is heavily wounded.
You block Natasha's attack.
The cerulean imp hits you with a +2 spear.
* * * LOW HITPOINT WARNING * * *
The cerulean imp completely misses you.
You closely miss Natasha. You bite Natasha, but do no damage.
Natasha is heavily wounded.
Natasha barely misses you. You block the cerulean imp's attack.
The cerulean imp hits you with a +0 spear.
You barely miss Natasha.
Natasha is heavily wounded.
Natasha falters for a moment.
The cerulean imp hits you but does no damage.
The cerulean imp hits you with a +0 spear.
* * * LOW HITPOINT WARNING * * *
Press: ? - help, v - describe, . - travel
Here: Natasha (heavily wounded, spells empowered, magic disrupted)
The floor.
Unknown command.
You closely miss Natasha. You bite Natasha, but do no damage.
Natasha is heavily wounded.
Natasha seems less brilliant.
Natasha falters for a moment.
The cerulean imp hits you with a +2 spear.
You die...

Skill      XL: |  1  2  3 |
---------------+----------+-----
Long Blades    | 1 2 |  2.3
Fighting       | 3 |  3.2
Short Blades   | |  1.7
Armour         | |  2.4
Shields        | |  2.6

Action                     || total
---------------------------++-------
  Melee: Rapier            ||    80
         Bite              ||    20
 Armour: Scale mail        ||    22
  Dodge: Dodged            ||    39
  Block: Buckler           ||    13

Levels and vault maps discovered:
D:1:      scummos_arrival_simple_crosswalls, layout_loops_ring,
          minmay_misc_feat_nine_boxes
D:2:      layout_loops_ring, shapermc_ecumenical_altar_starsandcircs,
          amcnicky_mini_rare_corridor_liquid, minmay_indecisive_spiral,
          uniq_natasha

Notes
Turn   | Place    | Note
-------+----------+-------------------------------------------
     0 | D:1      | scionoferis the Vine Stalker Fighter began the quest for
                  | the Orb.
     0 | D:1      | Reached XP level 1. HP: 11/11 MP: 2/2
    14 | D:1      | HP: 1/11 [quokka (3)]
   225 | D:1      | Reached skill level 1 in Long Blades
   234 | D:1      | Reached XP level 2. HP: 16/16 MP: 1/3
   473 | D:1      | Reached skill level 3 in Fighting
   649 | D:1      | Reached XP level 3. HP: 15/20 MP: 2/4
   899 | D:2      | Found a faded altar of an unknown god.
   901 | D:2      | Noticed Natasha
   912 | D:2      | Killed Natasha
   913 | D:2      | Reached skill level 2 in Long Blades
   963 | D:2      | Noticed Natasha
   972 | D:2      | HP: 2/20 [Natasha (3)]
   976 | D:2      | Slain by a cerulean imp

Vanquished Creatures
  Natasha (D:2)
  A worm (D:2)
  2 endoplasms (D:1)
  2 giant cockroaches (D:1)
  2 hobgoblins (D:1)
  2 jackals (D:1)
  A quokka (D:1)
  4 bats (D:1)
  2 frilled lizards (D:1)
  2 goblins (D:1)
  3 kobolds (D:1 D:2)
  2 rats (D:1)
24 creatures vanquished.

Table legend: (Time is in decaauts)
 A = Elapsed time spent in this place.
 B = Non-inter-level travel time spent in this place.
 C = Inter-level travel time spent in this place.
 D = Time resting spent in this place.
 E = Time spent auto-exploring this place.
 F = Levels seen in this place.
 G = Mean time per level.
                   A        B        C        D        E       F      G
               +--------+--------+--------+--------+--------+-----+--------+
         Total |    987 |    954 |     33 |      0 |    767 |   2 |  493.5 |
       Dungeon |    987 |    954 |     33 |      0 |    767 |   2 |  493.5 |
               +--------+--------+--------+--------+--------+-----+--------+

Top non-repeatable levels by time:
     D:1: 888 daAuts
     D:2: 99 daAuts

Table legend:
 A = Non-vault XP
 B = Vault XP
 C = Vault XP percentage of total XP
 D = Non-vault monster count
 E = Vault monster count
 F = Vault count percentage of total count
                 A         B        C        D         E       F
            +---------+---------+-------+---------+---------+-------
      Total |      42 |      32 |  43.2 |      23 |       1 |   4.2
            +---------+---------+-------+---------+---------+-------
        D:1 |      35 |       0 |   0.0 |      21 |       0 |   0.0
        D:2 |       7 |      32 |  82.1 |       2 |       1 |  33.3
            +---------+---------+-------+---------+---------+-------
